AoeStats
← violetsage

Nomad

509057219Analyzed
2v2 RM · 7d ago on Sep 25, 2026· 57m 56s· 4 players
Game mode
Random Map
Map size
176×176
Population
200
Speed
Normal
Resources
Standard
Victory
Conquest
Starting age
Dark Age
Ending age
Imperial Age
RankedLock teamsTeams togetherTeam positionsShared explorationLock speedFull tech treeHidden civsTurbo modeCheats
Victory
Defeat
🇦🇺 Portuguese · Australia
1230
+12
🇦🇺 Danes · Australia
999
+21
🇳🇿 Saracens · New Zealand
1170
-18
🇺🇸 Varangians · United States
1095
-15
Sayri89
12:11 Loom
14:45 Feudal Age
21:19 Castle Age
19:53 Double-Bit Axe
22:28 Bow Saw
22:03 Horse Collar
23:05 Gold Mining
26:08 Squires
28:13 Town Watch
28:52 Arson
29:32 Gambesons
37:05 Imperial Age
36:04 Scale Mail Armor
36:51 Forging
37:45 Elite Varangian Guard
41:29 Conscription
51:20 Guilds
FinRahZel
13:07 Feudal Age
16:55 Castle Age
15:28 Town Watch
28:38 Double-Bit Axe
29:49 Bow Saw
30:09 Fishing Lines
31:30 Scale Barding Armor
32:19 Bloodlines
32:09 Husbandry
34:04 Gillnets
37:14 Imperial Age
41:13 Imperial Age
42:24 Gold Mining
44:53 Conscription
45:28 Chain Barding Armor
45:43 Forging
45:39 Elite Mameluke
47:06 Plate Barding Armor
twaltrich
5:04 Loom
14:53 Feudal Age
19:20 Castle Age
18:31 Horse Collar
19:49 Double-Bit Axe
20:09 Heavy Plow
23:32 Fishing Lines
26:51 Gold Mining
27:11 Town Watch
28:02 Wheelbarrow
27:44 Squires
27:34 Arson
28:03 Forging
27:54 Scale Mail Armor
31:41 Padded Archer Armor
31:32 Fletching
35:39 Hamask
37:47 Town Patrol
51:18 Hand Cart
53:38 Gold Shaft Mining
52:53 Stone Mining
57:46 Imperial Age
56:00 Leather Archer Armor
56:15 Chain Mail Armor
56:36 Iron Casting
56:46 Ballistics
57:07 Bow Saw
violetsage
4:03 Loom
14:03 Feudal Age
17:46 Castle Age
16:21 Fishing Lines
20:07 Fletching
24:45 Sanctity
30:33 Imperial Age
30:35 Double-Bit Axe
31:32 Block Printing
39:54 Conscription
41:40 Arquebus
50:39 Chemistry
52:25 Light Cavalry
53:21 Bloodlines
54:55 Circumnavigation
55:37 Husbandry
55:37 Cavalier
56:37 Scale Barding Armor
58:34 Chain Barding Armor
Connection lost

Rejoining the realm…

Still unreachable

The connection could not be restored.

Session expired

The server has moved on; the page needs a fresh start.